 Dungeon Crawl Stone Soup version 0.21-a0-133-gf55ed5b (webtiles) character file.

37 grindst0ne the Grave Robber (level 3, 0/29 HPs)
             Began as a Hill Orc Necromancer on July 17, 2017.
             Succumbed to a gnoll's poison
             ... on level 1 of the Dungeon.
             The game lasted 00:06:57 (1576 turns).

grindst0ne the Grave Robber (Hill Orc Necromancer)  Turns: 1576, Time: 00:06:58

Health: 0/29       AC:  2    Str: 10    XL:     3   Next: 41%
Magic:  1/5        EV: 17    Int: 16    God:
Gold:   92         SH:  0    Dex: 16    Spells: 0/5 levels left

rFire    + . .     SeeInvis .   (no weapon)
rCold    + . .     Gourm    .   (no shield)
rNeg     . . .     Faith    .   a - +0 robe
rPois    +         Spirit   .   (no helmet)
rElec    +         Reflect  .   (no cloak)
rCorr    +         Harm     .   (no gloves)
MR       .....                  (no boots)
Stlth    +++.......             (no amulet)
HPRegen  0.09/turn              (no ring)
MPRegen  0.09/turn              (no ring)

@: agile, lethally poisoned (0 -> -16), resistant, flying
A: no striking features
a: no special abilities


You were on level 1 of the Dungeon.
You were not hungry.

You visited 1 branch of the dungeon, and saw 2 of its levels.

You collected 92 gold pieces.

Inventory:

Armour
 a - a +0 robe (worn)
 e - a +0 helmet
Scrolls
 i - a scroll of enchant weapon {unknown}
 j - a scroll of recharging {unknown}
 l - 2 scrolls of remove curse {unknown}
Books
 b - a book of Necromancy

   Spells                             Type                      Level
   a - Pain                           Necromancy                   1
   b - Animate Skeleton               Necromancy                   1
   c - Vampiric Draining              Necromancy                   3
   d - Regeneration                   Charms/Necromancy            3
   e - Animate Dead                   Necromancy                   4
   f - Control Undead                 Necromancy                   4
Comestibles
 c - a bread ration
 f - a fruit
 g - 3 royal jellies
 k - 3 chunks of flesh


   Skills:
 + Level 2.3 Fighting
 - Level 1.5 Dodging
 - Level 1.5 Stealth
 - Level 1.5 Spellcasting
 + Level 4.6 Necromancy


You couldn't memorise any spells.
You knew the following spells:

 Your Spells              Type           Power        Failure   Level  Hunger
a - Pain                  Necr           ###.         3%          1    ##.....
b - Animate Skeleton      Necr           N/A          3%          1    ##.....
c - Regeneration          Chrm/Necr      #.........   26%         3    ####...


Dungeon Overview and Level Annotations

Branches:
Dungeon (2/15)

Altars:


Message History

The gnoll hits you from afar with a halberd of venom!
* * * LOW HITPOINT WARNING * * *
You are more poisoned.
The bat closely misses you.
You climb upwards.
* * * LOW HITPOINT WARNING * * *
You feel very sick.
There is a stone staircase leading down here.
It was a potion of agility.
You feel agile all of a sudden.
* * * LOW HITPOINT WARNING * * *
You feel sick. The bat closely misses you.
It was a potion of resistance.
You feel protected.
* * * LOW HITPOINT WARNING * * *
You feel sick. The bat misses you.
It was a potion of flight.
You feel very buoyant.
You fly up into the air.
You die...

### ##################.. ########
#..@........(..).'..
#......#######.#b##.###.###.###.(
#.........................#.# #.(
#............#.#.##.#######.# #..
#......#####.#.#.##......##.# #..
#......'.......#.##.####.##.# #..
#......#####.###.#.......##.# #..
#......# #.#..............# #..
#......# #.#.#.#.###..##### #.[


You could see a bat.

Vanquished Creatures
  A dart slug (D:1)
  2 leopard geckos (D:1)
  A bat (D:1)
  A goblin (D:1)
  7 hobgoblins
  3 jackals (D:1)
  5 kobolds (D:1)
  2 frilled lizards (D:1)
  5 rats
27 creatures vanquished.

Vanquished Creatures (collateral kills)
  A jackal (D:1)
  A goblin (D:1)
  A rat (D:1)
3 creatures vanquished.

Grand Total: 30 creatures vanquished

Notes
Turn   | Place    | Note
-------+----------+-------------------------------------------
     0 | D:1      | grindst0ne the Hill Orc Necromancer began the quest for the Orb.
     0 | D:1      | Reached XP level 1. HP: 14/14 MP: 3/3
    72 | D:1      | Reached skill level 1 in Fighting
   300 | D:1      | Reached XP level 2. HP: 11/23 MP: 1/4
   617 | D:1      | Learned a level 1 spell: Animate Skeleton
  1066 | D:1      | Reached XP level 3. HP: 20/29 MP: 2/5
  1541 | D:2      | Learned a level 3 spell: Regeneration
  1575 | D:1      | HP: 1/29 [poisoned by a gnoll]
  1576 | D:1      | Succumbed to a gnoll's poison

Vault maps used:
D:1:      ncdulo_halloftheorcs
D:2:      lemuel_doored_altar, nrook_uturn, uniq_terence

Skill      XL: |  1  2  3 |
---------------+----------+-----
Fighting       | 1 2 |  2.3
Dodging        | |  1.5
Stealth        | |  1.5
Spellcasting   | |  1.5
Necromancy     | |  4.6

Action                   || total
-------------------------++-------
Melee: Unarmed           ||    34
 Cast: Pain              ||    50
       Animate Skeleton  ||     6
  Use: Potion            ||     3
 Stab: Sleeping          ||     1
  Eat: Chunk             ||     3
Armor: Robe              ||    11
Dodge: Dodged            ||    55
